General information
- name: BNet
- type: Ladder team game (AT/RT)
- host: Battle.net
- saver: diGniTaTeS
map: GnollWood
- players: 4
- length: 18:21
- speed: Fast
- version: 1.24 W3XP
- replay type: Public
» download(108 KB)
Players
team 1 (winner)
AudreyG. (
teal | 214 APM | 3920 actions | 18:20)
5 Blademaster
3 Wind Walk
2 Critical Strike
4 Shadow Hunter
2 Hex
2 Healing Wave
» actions
| Assign group hotkey | 93 | |
| Basic commands | 244 | |
| Build / train | 61 | |
| Enter build submenu | 12 | |
| Enter hero's abilities submenu | 9 | |
| Give item / drop item | 6 | |
| Right click | 838 | |
| Select / deselect | 529 | |
| Select group hotkey | 2016 | |
| Use ability | 112 | |
3920 total
» units
| Peon | 7 | |
| Grunt | 3 | |
| Raider | 6 | |
| Spirit Walker | 4 | |
| Kodo Beast | 2 | |
| Troll Headhunter/Berserker | 3 | |
25 total
» upgrades
| Ensnare | 1 | |
| Berserker Strength | 1 | |
| Spirit Walker Training | 1 | |
| Melee Weapons | 2 | |
| Armor | 2 | |
| Berserker Upgrade | 1 | |
| Pillage | 1 | |
| Reinforced Defenses | 1 | |
| Burning Oil | 1 | |
11 total
» buildings
| Altar of Storms | 1 | |
| Orc Burrow | 6 | |
| Voodoo Lounge | 1 | |
| Barracks | 1 | |
| Stronghold | 1 | |
| Beastiary | 1 | |
| Spirit Lodge | 1 | |
| War Mill | 1 | |
| Fortress | 1 | |
14 total
» build order
00:14 Altar of Storms
00:28 Orc Burrow
01:09 Voodoo Lounge
01:20 Barracks
02:56 Stronghold
03:28 Orc Burrow
03:29 Orc Burrow
05:27 Beastiary
05:54 Spirit Lodge
07:01 Orc Burrow
09:04 War Mill
10:09 Orc Burrow
10:46 Fortress
17:55 Orc Burrow
» items
| Healing Salve | 3 | |
| Lesser Clarity Potion | 2 | |
| Boots of Speed | 1 | |
| Circlet of Nobility | 1 | |
| Potion of Healing | 1 | |
| Scroll of Speed | 1 | |
| Scroll of Town Portal | 1 | |
10 total

»
diGniTaTeS (
purple | 126 APM | 2309 actions | 18:21)
4 Archmage
2 Summon Water Elemental
2 Brilliance Aura
3 Mountain King
2 Storm Bolt
1 Bash
» actions
| Assign group hotkey | 36 | |
| Basic commands | 24 | |
| Build / train | 57 | |
| Enter build submenu | 21 | |
| Enter hero's abilities submenu | 8 | |
| Give item / drop item | 1 | |
| Right click | 743 | |
| Select / deselect | 657 | |
| Select group hotkey | 664 | |
| Use ability | 96 | |
2309 total
» units
| Peasant | 8 | |
| Footman | 6 | |
| Sorceress | 4 | |
| Priest | 7 | |
| Spell Breaker | 10 | |
35 total
» upgrades
| Sorceress Training | 1 | |
| Priest Training | 1 | |
2 total
» buildings
| Altar of Kings | 1 | |
| Barracks | 1 | |
| Farm | 12 | |
| Arcane Vault | 1 | |
| Keep | 1 | |
| Arcane Sanctum | 2 | |
| Scout Tower | 2 | |
| Arcane Tower | 2 | |
22 total
» build order
00:06 Altar of Kings
00:18 Barracks
00:33 Farm
00:49 Farm
02:13 Farm
02:21 Arcane Vault
03:36 Keep
05:01 Farm
05:58 Arcane Sanctum
06:00 Arcane Sanctum
06:16 Farm
07:26 Farm
07:30 Scout Tower
07:31 Scout Tower
08:26 Arcane Tower
08:26 Arcane Tower
08:28 Farm
10:39 Farm
10:41 Farm
13:50 Farm
15:46 Farm
15:46 Farm
» items
| Scroll of Regeneration | 2 | |
| Lesser Clarity Potion | 2 | |
| Scroll of Town Portal | 2 | |
| Potion of Healing | 1 | |
7 total
team 2 (loser)

»
Marcinus (
green | 63 APM | 1163 actions | 18:20)
3 Archmage
2 Summon Water Elemental
1 Brilliance Aura
2 Mountain King
1 Storm Bolt
1 Bash
» actions
| Assign group hotkey | 38 | |
| Basic commands | 30 | |
| Build / train | 48 | |
| Enter build submenu | 11 | |
| Enter hero's abilities submenu | 5 | |
| Give item / drop item | 3 | |
| Remove unit from queue | 1 | |
| Right click | 503 | |
| Select / deselect | 313 | |
| Select group hotkey | 132 | |
| Use ability | 79 | |
1163 total
» units
| Peasant | 10 | |
| Footman | 6 | |
| Spell Breaker | 6 | |
| Sorceress | 4 | |
26 total
» buildings
| Altar of Kings | 1 | |
| Barracks | 1 | |
| Farm | 6 | |
| Keep | 2 | |
| Arcane Vault | 1 | |
| Arcane Sanctum | 2 | |
13 total
» build order
00:14 Altar of Kings
00:16 Barracks
00:43 Farm
00:48 Farm
03:21 Keep
03:21 Keep
03:35 Arcane Vault
06:00 Farm
06:02 Farm
06:57 Arcane Sanctum
06:59 Arcane Sanctum
09:50 Farm
09:50 Farm
» items
| Dust of Appearance | 1 | |
| Lesser Clarity Potion | 2 | |
| Scroll of Regeneration | 2 | |
| Potion of Healing | 2 | |
| Rod of Necromancy | 1 | |
| Scroll of Town Portal | 2 | |
| Scroll of Healing | 1 | |
| Orb of Corruption | 1 | |
12 total
Marecki (
pink | 32 APM | 596 actions | 18:20)
2 Death Knight
1 Death Coil
1 Unholy Aura
1 Crypt Lord
1 Impale
» actions
| Assign group hotkey | 13 | |
| Build / train | 34 | |
| Enter build submenu | 12 | |
| Enter hero's abilities submenu | 3 | |
| Right click | 311 | |
| Select / deselect | 133 | |
| Select group hotkey | 33 | |
| Use ability | 57 | |
596 total
» units
| Acolyte | 2 | |
| Ghoul | 3 | |
| Crypt Fiend | 9 | |
| Forest Troll Shadow Priest | 1 | |
| Obsidian Statue | 4 | |
19 total
» upgrades
| Creature Attack | 2 | |
| Destroyer Form | 1 | |
3 total
» buildings
| Crypt | 1 | |
| Ziggurat | 5 | |
| Altar of Darkness | 1 | |
| Tomb of Relics | 1 | |
| Graveyard | 1 | |
| Nerubian Tower | 1 | |
| Halls of the Dead | 1 | |
| Slaughterhouse | 3 | |
| Black Citadel | 1 | |
15 total
» build order
00:16 Crypt
00:21 Ziggurat
00:47 Altar of Darkness
01:09 Tomb of Relics
01:24 Graveyard
01:35 Ziggurat
02:30 Nerubian Tower
03:41 Halls of the Dead
05:07 Ziggurat
05:08 Ziggurat
06:18 Slaughterhouse
06:19 Slaughterhouse
08:31 Black Citadel
11:10 Slaughterhouse
11:59 Ziggurat
» items
| Rod of Necromancy | 1 | |
| Scroll of Town Portal | 1 | |
| Potion of Healing | 2 | |
4 total
Chat log
(00:13 / Allies) diGniTaTeS: last game was bad for me :p
(00:19 / Allies) AudreyG.: bad start:?)
(00:23 / Allies) diGniTaTeS: lose am
(00:31 / Allies) diGniTaTeS: hero stuck ^^
(00:35 / All) AudreyG.: bad BO
(00:38 / Allies) diGniTaTeS: y
(00:45 / Allies) diGniTaTeS: but they were noobs :)
(00:50 / Allies) AudreyG.: yea
(00:55 / Allies) diGniTaTeS: shams vs sb
(01:49 / Allies) AudreyG.: me shops
(01:53 / Allies) diGniTaTeS: kk
(02:47 / Allies) diGniTaTeS: come
(02:54 / Allies) AudreyG.: comming
(03:06 / Allies) diGniTaTeS: jesus
(03:07 / All) Marcinus: good rusch
(03:21 / Allies) diGniTaTeS: adskfl;afasd
(05:12 / Allies) diGniTaTeS: dk around
(05:45 / Allies) AudreyG.: b
(06:10 / Allies) AudreyG.: than
(06:11 / Allies) diGniTaTeS: y
(08:06 / Allies) diGniTaTeS: kk
(08:32 / Allies) diGniTaTeS: gj
(08:49 / Allies) diGniTaTeS: go
(08:54 / Allies) diGniTaTeS: i heal
(09:59 / Allies) AudreyG.: attak hu
(10:14 / Allies) AudreyG.: just hu TP
(10:17 / Allies) AudreyG.: kill him
(10:25 / Allies) AudreyG.: UD tp
(10:26 / Allies) AudreyG.: b
(11:12 / Allies) diGniTaTeS: go together
(11:22 / Allies) AudreyG.: gogo
(14:20 / All) Marecki: noob hero kill
(14:26 / All) AudreyG.: HAHAHAHA
(14:38 / All) Marecki: learn play micro tt
(14:41 / All) AudreyG.: ROFL
(14:49 / All) AudreyG.: you killed me 2 riders + 3 grunts :D
(14:55 / All) AudreyG.: get brain fucker
(14:58 / All) diGniTaTeS: 3 footies
(15:48 / All) AudreyG.: hey mate I think that we are playing vs fucking nooobs'''
(16:02 / Allies) AudreyG.: they will be nerved :D
(16:07 / All) diGniTaTeS: Wonder why they dont leave
(16:32 / All) diGniTaTeS: 1 am will save the game
(17:18 / All) Marecki: y save 10x noob
(17:57 / All) Marecki: noob all army vs hero tt
(18:06 / All) diGniTaTeS: ?
(18:06 / All) AudreyG.: get brain idiot
(18:11 / All) AudreyG.: stop crying kid
(18:13 / All) Marecki: I use dk 2 potion and tp
(18:17 / All) Marecki: and dead
(18:20 / All) AudreyG.: and cu